 Dungeon Crawl Stone Soup version 0.29.1-1-gd02db6906a (webtiles) character file.

Game seed: 2053889999941585040

1850 Icepheonix32 the Cleaver (level 8, -17/74 HPs)
             Began as a Minotaur Fighter on Sept 19, 2022.
             Demolished by an orc warrior
             ... wielding a +0 battleaxe
              (22 damage)
             ... on level 6 of the Dungeon.
             The game lasted 00:08:04 (5656 turns).

Icepheonix32 the Cleaver (Minotaur Fighter)         Turns: 5656, Time: 00:08:05

Health: -17/74     AC:  9    Str: 20    XL:     8   Next: 88%
Magic:  7/7        EV: 10    Int:  5    God:
Gold:   721        SH:  5    Dex: 13    Spells: 7/7 levels left

rFire   . . .      SeeInvis .   n - +2 broad axe (venom)
rCold   . . .      Faith    .   c - +0 buckler
rNeg    . . .      Spirit   .   b - +0 scale mail
rPois   .          Reflect  .   y - +0 hat
rElec   .          Harm     .   v - +0 cloak
rCorr   .          Rampage  .   (no gloves)
Will    .....                   (no boots)
Stlth   ..........              (no amulet)
HPRegen 0.22/turn               (no ring)
MPRegen 0.10/turn               (no ring)

@: no status effects
A: horns 2, retaliatory headbutt
a: no special abilities


You were on level 6 of the Dungeon.
You visited 1 branch of the dungeon, and saw 6 of its levels.
You also visited: Sewer.

You collected 1020 gold pieces.
You spent 299 gold pieces at shops.

Inventory:

Hand Weapons
 a - a +0 war axe
 g - a +1 hand axe of flaming
 n - a +2 broad axe of venom (weapon)
Missiles
 B - 5 javelins (quivered)
 D - 4 curare-tipped darts
 E - 6 silver javelins
Armour
 b - a +0 scale mail (worn)
 c - a +0 buckler (worn)
 m - the +4 chain mail "Xeipeibb" {rElec rC+ rCorr Stlth-}
   (You found it on level 2 of the Dungeon)

   rC:        It protects you from cold.
   rElec:     It insulates you from electricity.
   rCorr:     It protects you from acid and corrosion.
   Stlth:     It makes you less stealthy.
 v - a +0 cloak (worn)
 y - a +0 hat (worn)
Wands
 x - a wand of quicksilver (11)
 C - a wand of flame (14)
Scrolls
 f - 3 scrolls of vulnerability
 i - 2 scrolls of enchant armour {unknown}
 l - a scroll of poison
 o - a scroll of teleportation
 q - 2 scrolls of silence {unknown}
 r - a scroll of fear
 u - a scroll of fog
 z - 2 scrolls of magic mapping
Potions
 d - 3 potions of might
 e - a potion of brilliance
 j - 2 potions of attraction
 k - 4 potions of flight
 p - a potion of curing
 t - 2 potions of lignification
 w - a potion of magic
 A - 2 potions of invisibility


   Skills:
 * Level 7.8 Fighting
 + Level 9.1 Axes
 * Level 8.0 Armour
 + Level 1.8 Dodging
 + Level 0.5 Stealth
 + Level 4.5 Shields


You had 7 spell levels left.
You didn't know any spells.
Your spell library contained the following spells:

 Spells                   Type           Power      Damage    Failure   Level
 Magic Dart               Conj           0%         1d3       86%         1
 Blink                    Tloc           0%         N/A       95%         2
 Ensorcelled Hibernation  Hex/Ice        0%         N/A       95%         2
 Searing Ray              Conj           0%         2d4       95%         2
 Sublimation of Blood     Necr           0%         N/A       95%         2
 Wereblood                Tmut           0%         N/A       95%         2
 Ignite Poison            Fire/Tmut/Pois 0%         N/A       99%         3
 Lesser Beckoning         Tloc           0%         N/A       99%         3
 Mephitic Cloud           Conj/Pois/Air  0%         N/A       99%         3
 Spider Form              Tmut/Pois      0%         N/A       99%         3
 Anguish                  Hex/Necr       0%         N/A       100%        4
 Fulminant Prism          Conj/Hex       0%         3d6       100%        4
 Freezing Cloud           Conj/Ice/Air   0%         6-21      100%        5
 Manifold Assault         Tloc           0%         N/A       100%        5
 Summon Hydra             Summ           0%         N/A       100%        7


Dungeon Overview and Level Annotations

Branches:
Dungeon (6/15)              Sewer (visited)
 Temple: D:4-7

Altars:
Makhleb
Ru
Vehumet
Wu Jian
The Shining One

Shops:
D:3 *   D:5 (


Innate Abilities, Weirdness & Mutations

You have a pair of horns on your head.
You reflexively headbutt those who attack you in melee.


Message History

The orc warrior hits you with a +0 battleaxe!
You hit the orc warrior but do no damage.
Your headbutt misses the orc warrior.
The orc warrior is lightly wounded.
The orc closely misses you.
The orc warrior hits you with a +0 battleaxe!
You are too injured to fight recklessly!
You are too injured to fight recklessly!
You are too injured to fight recklessly!
You are too injured to fight recklessly!
You are too injured to fight recklessly!
You are too injured to fight recklessly!
You are too injured to fight recklessly!
You are too injured to fight recklessly!
You are too injured to fight recklessly!
You are too injured to fight recklessly!
You are too injured to fight recklessly!
You are too injured to fight recklessly!
You are too injured to fight recklessly!
You are too injured to fight recklessly!
You are too injured to fight recklessly!
You are too injured to fight recklessly!
You are too injured to fight recklessly!
You hit the orc warrior but do no damage.
The orc warrior is poisoned.
The orc warrior is lightly wounded.
You block the orc warrior's attack. The orc hits you but does no damage.
You barely miss the orc warrior.
The orc warrior is moderately wounded.
The orc warrior barely misses you. You furiously retaliate!
You headbutt the orc warrior.
The orc hits you from afar with a +0 trident.
* * * LOW HITPOINT WARNING * * *
You closely miss the orc warrior.
The orc warrior is heavily wounded.
You block the orc's attack.
The orc warrior hits you with a +0 battleaxe!!
* * * LOW HITPOINT WARNING * * *
The orc warrior hits you with a +0 battleaxe!!
You die...

####.......###########.#.######
#........<.....................
#..............................
#..#############.#############.
###..# #.#...........# .....#
#.#.####.####.# ##...# #.#
#.#....# #...####.#
#.####.####.#.#.#### #........#
#.oo@.......#.#
#...######.#############.#######
#........... .................
#.....###### #######.###..#...
###..#################.####...##
##........................###
##########################


You could see an orc warrior (very poisoned) and an orc.

Vanquished Creatures
  The ghost of Nonny the Twirler, a novice TeGl of Okawaru (D:4)
  Grinder (D:5)
  A black bear (D:5)
  2 ogres (D:4)
  A kobold brigand (D:4)
  2 phantoms
  A gnoll sergeant (D:3)
  4 scorpions
  3 howler monkeys
  A crimson imp (D:4)
  An orc priest (D:6)
  2 jellies
  2 iguanas (D:5)
  An orc wizard (D:3)
  15 adders
  7 river rats
  2 ufetubi (D:4)
  4 worms
  3 dart slugs
  9 orcs
  11 endoplasms
  8 giant cockroaches
  8 goblins
  5 hobgoblins
  3 jackals (Sewer)
  7 quokkas
  11 ball pythons
  6 bats
  3 frilled lizards
  A goblin skeleton (D:4)
  3 hobgoblin zombies (D:4)
  10 kobolds
  A kobold zombie (D:4)
  3 orc skeletons (D:4)
  An orc zombie (D:4)
  5 rats (D:3)
149 creatures vanquished.

Vanquished Creatures (others)
  3 kobolds (D:4)
  2 fungi (D:4)
  6 plants
11 creatures vanquished.

Grand Total: 160 creatures vanquished

Notes
Turn   | Place    | Note
-------+----------+-------------------------------------------
     0 | D:1      | Icepheonix32 the Minotaur Fighter began the quest for the
                  | Orb.
     0 | D:1      | Reached XP level 1. HP: 19/19 MP: 0/0
   154 | D:1      | Reached XP level 2. HP: 19/27 MP: 1/1
   852 | D:2      | Identified the +4 chain mail "Xeipeibb" {rElec rC+ rCorr
                  | Stlth-}
  1359 | D:2      | Reached XP level 3. HP: 34/34 MP: 2/2
  1604 | D:2      | Found a faded altar of an unknown god.
  1669 | D:3      | Reached skill level 5 in Armour
  1669 | D:3      | Reached XP level 4. HP: 39/41 MP: 3/3
  1670 | D:3      | Reached skill level 3 in Axes
  1880 | D:3      | Found a glowing drain.
  1896 | Sewer    | Entered a sewer
  1904 | Sewer    | Reached XP level 5. HP: 35/47 MP: 4/4
  2059 | Sewer    | Reached skill level 4 in Axes
  2424 | Sewer    | Reached skill level 5 in Fighting
  2456 | Sewer    | Reached XP level 6. HP: 55/56 MP: 5/5
  3143 | D:3      | Found Dese's Assorted Antiques.
  3155 | D:3      | Bought a scroll of blinking for 127 gold pieces
  3155 | D:3      | Bought a sapphire potion for 15 gold pieces
  3155 | D:3      | Bought a silvery potion for 15 gold pieces
  3155 | D:3      | Bought a blue potion for 15 gold pieces
  3253 | D:3      | You fall into a shaft and drop 3 floors!
  3253 | D:6      | Found a radiant altar of Vehumet.
  3253 | D:6      | Found a sacrificial altar of Ru.
  3310 | D:5      | Entered Level 5 of the Dungeon
  3315 | D:5      | Reached skill level 5 in Axes
  3318 | D:5      | Noticed Grinder
  3325 | D:5      | Killed Grinder
  3326 | D:5      | Reached skill level 6 in Axes
  3326 | D:5      | Reached skill level 1 in Dodging
  3326 | D:5      | Reached XP level 7. HP: 54/62 MP: 6/6
  3511 | D:4      | Found a runed translucent gate.
  3511 | D:4      | Found a runed translucent gate.
  3511 | D:4      | Found a runed translucent gate.
  3511 | D:4      | Noticed Nonny's ghost (novice TeGl)
  3691 | D:4      | Found an ornate altar of the Wu Jian Council.
  3841 | D:4      | Reached skill level 7 in Axes
  3841 | D:4      | Found a glowing golden altar of the Shining One.
  3870 | D:4      | Found a burning altar of Makhleb.
  4160 | D:5      | Reached XP level 8. HP: 67/71 MP: 7/7
  4464 | D:4      | Reached skill level 8 in Axes
  4749 | D:4      | Killed Nonny's ghost
  5175 | D:5      | Found Setios's Weapon Shoppe.
  5219 | D:5      | Identified a scroll of acquirement
  5221 | D:5      | Acquired 686 gold pieces
  5285 | D:3      | Bought a scroll of magic mapping for 127 gold pieces
  5504 | D:6      | Reached skill level 9 in Axes
  5656 | D:6      | Demolished by an orc warrior

Illustrated notes

Levels and vault maps discovered:
D:1:      heliophobic_arrival_henge, layout_basic
D:2:      minmay_spotlight, layout_basic, serial_rivers,
          chequers_serial_rivers_micro_d, chequers_serial_rivers_room_b,
          chequers_serial_rivers_micro_d, chequers_serial_rivers_micro_e,
          dilly_ecumenical_altar_fadedgnrine, hex_medium,
          hangedman_decor_points, kennysheep_generic_room_11
D:3:      layout_loops_ring, portal_sewer_entry_b, serial_shops,
          nicolae_shop_overgrown_old_shop, minmay_divided_ellipse
D:4:      layout_loops_ring, nicolae_tso_besieged_by_evil,
          nicolae_overflow_hidden_temple, pdpol_wu_jian_five_deadly_venoms,
          gammafunk_ghost_nasty_kobolds
D:5:      layout_rooms, serial_shops, shop, grunt_decor_cap,
          kennysheep_decorative_pillar, uniq_grinder
D:6:      layout_basic, mainiacjoe_overflow_catwalk_spiral,
          minmay_temple_entry_waves, serial_corexii_hall,
          corexii_hall_statues_i, corexii_hall_statues_i,
          corexii_hall_statues_i, corexii_hall_statues_i,
          chequers_hall_statues_wall_a, chequers_hall_statues_wall_a,
          roderic_lattice_a, lightli_minifort

Skill      XL: |  1  2  3  4  5  6  7  8 |
---------------+-------------------------+-----
Fighting       | 4 5 6 7 |  7.8
Armour         | 4 5 6 7 8 |  8.0
Axes           | 3 4 6 7 9 |  9.1
Dodging        | 1 |  1.8
Shields        | 4 |  4.5
Stealth        | |  0.5

Action                   |  1- 3 |  4- 6 |  7- 9 || total
-------------------------+-------+-------+-------++-------
Melee: War axe           |    26 |       |       ||    26
       Broad axe         |    28 |   124 |    92 ||   244
       Headbutt          |     7 |    15 |    20 ||    42
  Use: Scroll            |     7 |       |     8 ||    15
       Potion            |     3 |     1 |     4 ||     8
 Stab: Invisible         |       |       |     1 ||     1
Armor: Scale mail        |    27 |    53 |    34 ||   114
Dodge: Dodged            |    24 |    70 |    42 ||   136
Block: Buckler           |    10 |    36 |    15 ||    61
